 Dungeon Crawl Stone Soup version 0.31.0-11-ge490571c62 (webtiles) character file.

Game seed: 14575921533390026032

23 qw the Shooter (level 2, -5/16 HPs)
             Began as a Deep Elf Hunter on Feb 4, 2024.
             Slain by a gnoll
             ... wielding a +0 spear
              (7 damage)
             ... on level 2 of the Dungeon.
             The game lasted 00:00:02 (607 turns).

qw the Shooter (Deep Elf Hunter)                     Turns: 607, Time: 00:00:02

Health: -5/16      AC:  8    Str:  8    XL:     2   Next: 75%
Magic:  4/4        EV:  8    Int: 13    God:
Gold:   47         SH:  0    Dex: 18    Spells: 1/1 levels left

rFire   . . .        a - +0 shortbow
rCold   . . .        (shield currently unavailable)
rNeg    . . .        e - +0 scale mail
rPois   .            (no helmet)
rElec   .            (no cloak)
rCorr   .            (no gloves)
SInv    .            d - +1 pair of boots
Will    .....        (no amulet)
Stlth   +            (no ring)
HPRegen 0.22/turn    (no ring)
MPRegen 0.09/turn

%: no passive effects
@: no status effects
A: no striking features
a: no special abilities


You were on level 2 of the Dungeon.
You visited 1 branch of the dungeon, and saw 2 of its levels.

You collected 47 gold pieces.


   Skills:
 - Level 1.5 Fighting
 + Level 6.5 Ranged Weapons
 - Level 2.4 Dodging
 - Level 1.2 Stealth


You had one spell level left.
You didn't know any spells.
Your spell library was empty.

Inventory:

Hand Weapons
 a - a +0 shortbow (weapon)
Armour
 d - a +1 pair of boots (worn)
 e - a +0 scale mail (worn)
Potions
 g - a potion of brilliance {unknown}
 h - a potion of enlightenment {unknown}

Dungeon Overview and Level Annotations

Branches:
Dungeon (2/15)

Altars:


Message History

A goblin comes into view. It is wielding a +0 club.
The goblin shouts!
You shoot an arrow. The arrow closely misses the goblin.
You shoot an arrow. The arrow hits the goblin.
You kill the goblin!
Things that are here:
a +0 club; a goblin corpse You open the door.
There is an open door here.
You open the door.
There is an open door here.
A goblin comes into view. It is wielding a +0 club.
The goblin shouts!
You shoot an arrow. The arrow closely misses the goblin.
The goblin barely misses you. The goblin hits you but does no damage.
You shoot an arrow. The arrow hits the goblin.
You kill the goblin!
Things that are here:
a +0 club; a goblin corpse A gnoll comes into view.
It is wielding a +0 flail.
The gnoll shouts!
You hear a shout! x3
You shoot an arrow. The arrow hits the gnoll.
The gnoll is heavily wounded.
The gnoll barely misses you. The gnoll hits you with a +0 flail.
You shoot an arrow. The arrow hits the gnoll.
The gnoll is severely wounded.
A gnoll comes into view. It is wielding a +0 spear.
The gnoll hits you with a +0 flail!
Ouch! That really hurt!
Enter note: You shoot an arrow.
The arrow hits the gnoll but does no damage.
The gnoll is severely wounded.
The gnoll barely misses you. x2
A gnoll comes into view. It is wielding a +0 club.
The gnoll hits you but does no damage. The gnoll barely misses you.
Enter note:
607 ||| RETREEEEATING.
The gnoll hits you from afar with a +0 spear!
You die...

.##...#..#.##)###...#####.#
......#..#.##.# #...# #.#
......#..#..#.# #...# (.#
......#..##...# #...# #.#
......#..###..# #...# #.#
...[..#..# #..###...#
......#..# #...#####.
......# ##...####.###
##+#### #...@.......
###g#.###### .gg....
.......### #########


You could see 3 gnolls.

Vanquished Creatures
  An adder (D:2)
  3 ball pythons (D:1)
  3 endoplasms
  5 goblins
  A quokka (D:1)
  A frilled lizard (D:1)
14 creatures vanquished.

Notes
Turn   | Place    | Note
-------+----------+-------------------------------------------
     0 | D:1      | qw the Deep Elf Hunter began the quest for the Orb.
     0 | D:1      | Reached XP level 1. HP: 12/12 MP: 3/3
     0 | D:1      | 0 ||| qw: Version: 0.3-a-160-g5e54788
     0 | D:1      | 0 ||| qw: Game counter: 4307
     0 | D:1      | 0 ||| qw: Melee chars always use a shield: true
     0 | D:1      | 0 ||| qw: God list: Okawaru
     0 | D:1      | 0 ||| qw: Allow faded altars: false
     0 | D:1      | 0 ||| qw: Do Orc after clearing Dungeon:15 true
     0 | D:1      | 0 ||| qw: Do second Lair branch before Depths: true
     0 | D:1      | 0 ||| qw: Lair rune preference: random
     0 | D:1      | 0 ||| qw: Goals: Normal
     0 | D:1      | 0 ||| PLANNING D:1-11
   315 | D:1      | Reached XP level 2. HP: 16/16 MP: 4/4
   415 | D:1      | 415 ||| UPGRADING to +0 pair of boots.
   420 | D:1      | 420 ||| UPGRADING to +0 scale mail.
   430 | D:1      | 430 ||| DROPPING +0 leather armour.
   431 | D:1      | 431 ||| READING scroll labelled SIQU OMAGA.
   435 | D:1      | 435 ||| READING scroll labelled QULOINGEUH.
   435 | D:1      | 435 ||| ENCHANTING +0 pair of boots.
   436 | D:1      | 436 ||| DROPPING scroll of butterflies.
   457 | D:2      | Reached skill level 6 in Ranged Weapons
   605 | D:2      | HP: 2/16 [gnoll/+0 flail (8)]
   607 | D:2      | 607 ||| RETREEEEATING.
   607 | D:2      | Slain by a gnoll

Levels and vault maps discovered:
D:1:      ebering_trefoil_3fold, layout_basic
D:2:      layout_basic, nicolae_elevator_lobby_plus, uniq_robin

Skill      XL: |  1  2 |
---------------+-------+-----
Ranged Weapons | 6 |  6.5
Fighting       | |  1.5
Dodging        | |  2.4
Stealth        | |  1.2

Action                     || total
---------------------------++-------
   Fire: Shortbow          ||    25
    Use: Scroll            ||     2
 Armour: Scale mail        ||     5
  Dodge: Dodged            ||     8

Table legend:
 A = Non-vault XP
 B = Vault XP
 C = Vault XP percentage of total XP
 D = Non-vault monster count
 E = Vault monster count
 F = Vault count percentage of total count
                 A         B        C        D         E       F
            +---------+---------+-------+---------+---------+-------
      Total |      34 |       0 |   0.0 |      14 |       0 |   0.0
            +---------+---------+-------+---------+---------+-------
        D:1 |      12 |       0 |   0.0 |       8 |       0 |   0.0
        D:2 |      22 |       0 |   0.0 |       6 |       0 |   0.0
            +---------+---------+-------+---------+---------+-------
